 Dungeon Crawl Stone Soup version 0.20.1-1-g8b1a95d (webtiles) character file.

228 tmwrnj the Chopper (level 6, -5/53 HPs)
             Began as a Hill Orc Fighter on Oct 12, 2017.
             Was an Initiate of Beogh.
             Slain by Pikel
             ... wielding a +1 whip of electrocution
              (8 damage)
             ... on level 4 of the Dungeon on Oct 14, 2017.
             The game lasted 00:06:36 (2529 turns).

tmwrnj the Chopper (Hill Orc Fighter)               Turns: 2529, Time: 00:06:37

Health: -5/53      AC:  8    Str: 21    XL:     6   Next: 2%
Magic:  6/6        EV:  8    Int:  8    God:    Beogh [......]
Gold:   79         SH:  9    Dex: 10    Spells: 5/5 levels left

rFire    . . .     SeeInvis .   a - +0 war axe
rCold    . . .     Gourm    .   c - +0 shield
rNeg     . . .     Faith    .   b - +0 scale mail
rPois    .         Spirit   .   t - +0 helmet
rElec    .         Reflect  .   (no cloak)
rCorr    .         Harm     .   (no gloves)
MR       .....                  (no boots)
Stlth    ..........             (no amulet)
Regen    0.2/turn               (no ring)
MPRegen  0.1/turn               (no ring)

@: no status effects
A: no striking features
a: Renounce Religion


You were on level 4 of the Dungeon.
You worshipped Beogh.
Beogh was noncommittal.
You were not hungry.

You visited 1 branch of the dungeon, and saw 4 of its levels.

You collected 136 gold pieces.
You spent 57 gold pieces at shops.

Inventory:

Hand Weapons
 a - a +0 war axe (weapon)
Armour
 b - a +0 scale mail (worn)
 c - a +0 shield (worn)
 t - a +0 helmet (worn)
Jewellery
 n - an uncursed ring of resist corrosion {unknown}
Wands
 w - a wand of disintegration (8/24)
Scrolls
 e - 6 scrolls of enchant weapon {unknown}
 g - 2 scrolls of amnesia {unknown}
 h - 4 scrolls of identify {unknown}
 j - a scroll of random uselessness {unknown}
 k - 4 scrolls of teleportation {unknown}
 o - 2 scrolls of enchant armour {unknown}
 u - 2 scrolls of remove curse {unknown}
 v - a scroll of immolation {unknown}
 x - a scroll of fear {unknown}
Potions
 d - a potion of might
 i - a potion of agility {unknown}
 l - a potion of curing {unknown}
 m - a potion of magic {unknown}
 r - 2 potions of heal wounds {unknown}
Comestibles
 f - a bread ration
 p - a royal jelly
 q - a meat ration


   Skills:
 + Level 4.6 Fighting
 + Level 4.7 Axes
 + Level 4.3 Armour
 + Level 1.1 Dodging
 + Level 4.5 Shields


You had 5 spell levels left.
You didn't know any spells.

Dungeon Overview and Level Annotations

Branches:
Dungeon (4/15)
 Temple: D:4-7

Altars:
Qazlal

Shops:
D:4 *

Annotations:
D:3 Feta's ghost, amateur FoFi
D:4 Pikel


Message History

Pikel shouts!
All of the chunks of flesh in your inventory have rotted away.
Pikel drinks a potion.
Pikel seems to grow stronger.
You hit Pikel but do no damage.
Pikel hits you with a whip of electrocution!
You block Pikel's attack.
You hit Pikel but do no damage. Pikel hits you but does no damage.
You slash Pikel!
Pikel is lightly wounded.
Pikel hits you with a whip of electrocution!
You miss Pikel.
Pikel is lightly wounded.
Pikel hits you with a whip of electrocution!
You are electrocuted!
* * * LOW HITPOINT WARNING * * *
You block Pikel's attack.
A slave comes into view.
The slave shouts!
Pikel hits you but does no damage.
You are electrocuted!
You die...

........##.....##.#......
....######.............#
....#### #.....##[#.#+##
.......# #.....##.#.#
.......# #.)...##.# #
.......###.....##.# # #
.......'.......##.#.#.###
.......###.#..###K#......
.[.....# #...>..@..p..#
....##.# #####.##.#####
+#<###.# #.##.#####
...###.# .##.....#
...'...# .######.#
...##### ...# ####


You could see Pikel and a slave.

Vanquished Creatures
  2 slaves (D:4)
  Terence (D:2)
  7 gnolls (D:3)
  5 adders
  4 worms
  2 dart slugs (D:2)
  2 leopard geckos (D:1)
  2 orcs (D:3)
  9 bats
  3 giant cockroaches
  6 goblins
  12 hobgoblins
  4 jackals (D:1)
  7 kobolds
  A quokka (D:4)
  A ball python (D:4)
  2 frilled lizards
  A quokka zombie (D:3)
  5 rats (D:1)
76 creatures vanquished.

Notes
Turn   | Place    | Note
-------+----------+-------------------------------------------
     0 | D:1      | tmwrnj the Hill Orc Fighter began the quest for the Orb.
     0 | D:1      | Reached XP level 1. HP: 19/19 MP: 1/1
   117 | D:1      | Reached XP level 2. HP: 27/27 MP: 2/2
   411 | D:1      | Reached XP level 3. HP: 28/33 MP: 3/3
   926 | D:2      | Noticed Terence
   934 | D:2      | Killed Terence
   934 | D:2      | Reached XP level 4. HP: 36/40 MP: 4/4
  1362 | D:2      | Found a stormy altar of Qazlal.
  1428 | D:2      | Reached XP level 5. HP: 40/46 MP: 5/5
  1899 | D:3      | Reached skill level 1 in Dodging
  2129 | D:3      | Became a worshipper of Beogh the Brigand
  2241 | D:3      | Noticed Feta's ghost (amateur FoFi)
  2277 | D:3      | Noticed a centaur
  2292 | D:4      | Found Faot's Assorted Antiques.
  2314 | D:4      | Reached XP level 6. HP: 42/53 MP: 6/6
  2340 | D:4      | Bought a scroll labeled ISESTR PIUNKIF for 19 gold pieces
  2340 | D:4      | Bought a scroll labeled JAOL POSIHOUSCH for 19 gold pieces
  2340 | D:4      | Bought a scroll labeled HUUQ CUMEKHLUS for 19 gold pieces
  2440 | D:4      | Noticed a slave
  2440 | D:4      | Noticed a slave
  2441 | D:4      | Noticed a slave
  2475 | D:4      | Killed a slave
  2487 | D:4      | Killed a slave
  2513 | D:4      | Noticed Pikel
  2529 | D:4      | Noticed a slave
  2529 | D:4      | Slain by Pikel

Skill      XL: |  1  2  3  4  5 |
---------------+----------------+-----
Fighting       | 4 |  4.6
Axes           | 3 4 |  4.7
Armour         | 4 |  4.3
Shields        | 4 |  4.5
Dodging        | 1 |  1.1

Action                   |  1- 3 |  4- 6 || total
-------------------------+-------+-------++-------
Melee: War axe           |   110 |   200 ||   310
Invok: Convert to Beogh  |       |     1 ||     1
  Eat: Chunk             |       |     6 ||     6
Armor: Scale mail        |    69 |   111 ||   180
Dodge: Dodged            |    36 |    59 ||    95
Block: Shield            |    70 |   125 ||   195
